Map: Odyssey LE

Players

DnS - Winner!

  • Race: Protoss Protoss
  • Spawn Location: 11:00

Seither

  • Race: Terran Terran
  • Spawn Location: 5:00

Event: WCS Montreal 2017

VOD

Have the link to the VOD?

Description

Time

  • Played on: Sept. 8, 2017, 6:07 p.m.
  • Length: 10:02

All games in this series

Show
View Real Time Build Order
Export as new Build Order

DnS Protoss - Winner!

Build Orders: 1 Gate Expand, Oracle Opening 

Get SALT Encoding   

  12  0:00  Probe (Chrono Boost)  
  13  0:11  Probe (Chrono Boost)  
  14  0:19  Pylon  
  14  0:22  Probe (Chrono Boost)  
  15  0:37  Probe (Chrono Boost), Gateway  
  16  0:48  Probe (Chrono Boost)  
  17  0:50  Assimilator  
  17  0:58  Probe (Chrono Boost)  
  18  1:09  Probe (Chrono Boost)  
  19  1:21  Nexus  
  20  1:25  Probe (Chrono Boost)  
  20  1:27  Cybernetics Core  
  20  1:30  Pylon  
  20  1:31  Assimilator, Zealot (Chrono Boost)  
  22  1:38  Probe  
  23  1:50  Probe  
  24  2:05  Mothership Core (Chrono Boost), Adept  
  28  2:09  Pylon  
  26  2:27  Probe (Chrono Boost)  
  26  2:29  Warp Gate  
  26  2:37  Probe (Chrono Boost)  
  27  2:49  Probe (Chrono Boost)  
  28  2:53  Stargate  
  28  2:59  Probe (Chrono Boost)  
  28  3:01  Nexus  
  28  3:10  Probe (Chrono Boost)  
  29  3:15  Stalker  
  31  3:22  Pylon  
  31  3:24  Probe (Chrono Boost)  
  32  3:34  Probe (Chrono Boost)  
  32  3:37  Oracle (Chrono Boost)  
  36  3:46  Probe  
  37  3:53  Robotics Facility  
  37  4:00  Probe  
  40  4:14  Probe  
  40  4:15  Probe  
  40  4:17  Oracle (Chrono Boost)  
  43  4:24  Probe  
  43  4:27  Probe  
  45  4:33  Gateway  
  45  4:35  Probe  
  45  4:37  Gateway  
  46  4:39  Probe  
  47  4:45  Probe  
  47  4:51  Probe  
  49  4:56  Probe  
  50  5:03  Probe, Phoenix (Chrono Boost)  
  50  5:06  Probe  
  53  5:09  Pylon  
  53  5:12  Pylon  
  54  5:15  Probe  
  54  5:17  Probe  
  56  5:27  Probe  
  56  5:28  Probe  
  57  5:30  Nexus  
  57  5:34  Pylon  
  58  5:37  Phoenix (Chrono Boost)  
  58  5:38  Probe  
  58  5:39  Probe  
  62  5:43  Assimilator  
  62  5:44  Assimilator  
  62  5:49  Probe  
  62  5:53  Probe (Chrono Boost)  
  62  5:56  Sentry, Adept  
  62  5:57  Adept  
  70  6:00  Probe (Chrono Boost)  
  71  6:05  Probe (Chrono Boost), Twilight Council  
  71  6:09  Forge  
  72  6:11  Probe (Chrono Boost)  
  72  6:15  Probe (Chrono Boost)  
  74  6:22  Phoenix  
  74  6:23  Probe (Chrono Boost)  
  77  6:26  Probe (Chrono Boost)  
  77  6:29  Protoss Ground Weapons Level 1, Pylon  
  77  6:31  Sentry  
  80  6:33  Probe (Chrono Boost), Sentry, Adept  
  80  6:36  Probe (Chrono Boost)  
  80  6:38  Pylon  
  80  6:39  Resonating Glaives (Chrono Boost)  
  86  6:43  Probe  
  86  6:44  Probe  
  88  6:47  Probe  
  88  6:53  Gateway  
  89  6:57  Gateway  
  89  6:59  Gateway  
  89  7:07  Probe x2  
  91  7:09  Adept  
  91  7:11  Probe, Adept x2  
  91  7:13  Pylon  
  98  7:19  Probe  
  98  7:21  Gateway  
  99  7:24  Gateway  
  99  7:28  Probe  
  99  7:29  Probe  
  101  7:31  Probe  
  101  7:32  Adept x3  
  101  7:34  Phoenix (Chrono Boost)  
  110  7:38  Pylon  
  110  7:41  Observer  
  111  7:55  Probe  
  111  7:56  Probe  
  111  7:57  Probe, Adept x4  
  111  7:58  Assimilator x2, Blink  
  122  7:59  Phoenix (Chrono Boost)  
  125  8:06  Observer  
  125  8:09  Stalker, Pylon  
  125  8:11  Probe  
  125  8:12  Pylon  
  128  8:14  Pylon  
  128  8:19  Pylon  
  128  8:20  Pylon  
  128  8:24  Phoenix (Chrono Boost)  
  130  8:32  Adept x5  
  138  8:45  Phoenix (Chrono Boost)  
  140  8:50  Stalker x2  
  140  8:51  Stalker  
  146  8:56  Adept x5  
  156  9:07  Phoenix (Chrono Boost)  
  158  9:21  Adept x6  
  158  9:22  Adept  
  172  9:25  Pylon  
  172  9:26  Pylon  
  172  9:27  Pylon  
  158  9:37  Adept  
  141  9:44  Adept x5  
  141  9:45  Adept x2  
Show
View Real Time Build Order
Export as new Build Order

Seither Terran 

Build Orders: Cyclone Opening, MMM Bio 

Get SALT Encoding   

  12  0:00  SCV  
  13  0:12  SCV  
  14  0:18  Supply Depot  
  14  0:25  SCV  
  15  0:39  SCV  
  15  0:41  Barracks  
  16  0:46  Refinery  
  16  0:51  SCV  
  16  0:56  Refinery  
  17  1:04  SCV  
  18  1:18  SCV  
  19  1:29  Reaper  
  19  1:30  Orbital Command  
  20  1:37  Supply Depot  
  20  1:56  SCV  
  21  2:01  Reaper  
  21  2:03  Factory  
  21  2:08  SCV  
  23  2:09  Supply Depot  
  23  2:20  SCV  
  24  2:32  SCV  
  25  2:44  SCV  
  25  2:49  Cyclone  
  29  2:53  Starport  
  29  2:56  SCV  
  30  3:08  SCV  
  31  3:16  Command Center  
  31  3:20  SCV  
  31  3:21  Supply Depot  
  31  3:25  Widow Mine  
  34  3:32  Viking  
  34  3:33  SCV  
  37  3:45  SCV  
  38  3:57  Supply Depot, SCV  
  38  4:00  Factory Tech Lab  
  39  4:09  SCV  
  40  4:11  Barracks, Engineering Bay  
  40  4:12  Barracks  
  40  4:21  SCV  
  40  4:22  Starport Tech Lab  
  41  4:25  Factory Reactor  
  41  4:28  Orbital Command  
  41  4:33  SCV  
  42  4:45  SCV, Terran Infantry Weapons Level 1  
  42  4:56  Bunker  
  42  4:57  SCV  
  42  5:00  Orbital Command  
  42  5:02  Stimpack  
  42  5:03  Marauder  
  44  5:09  Combat Shields, SCV  
  44  5:10  Marauder  
  44  5:11  Factory Reactor, Starport Reactor  
  44  5:12  Marine x2  
  49  5:21  SCV  
  50  5:30  SCV  
  50  5:32  Marine, Marauder  
  50  5:33  Marauder  
  50  5:34  SCV  
  57  5:40  Supply Depot  
  57  5:42  SCV  
  58  5:45  Marine  
  57  5:50  Marine  
  57  5:53  SCV  
  57  5:54  SCV, Marauder  
  57  5:55  Marauder  
  64  6:00  Medivac x2  
  68  6:07  Marine  
  68  6:08  Marine  
  68  6:11  Widow Mine x2  
  70  6:14  Supply Depot  
  70  6:15  Refinery, Marauder  
  75  6:19  SCV x2  
  76  6:26  Marauder  
  76  6:29  Supply Depot, Concussive Shells  
  78  6:35  Marine x2, SCV x2  
  78  6:37  Marauder  
  84  6:43  Medivac  
  84  6:44  Barracks  
  86  6:47  Barracks  
  86  6:50  Widow Mine  
  86  6:51  Medivac, SCV x2  
  92  6:54  Supply Depot  
  92  6:56  Supply Depot  
  92  6:57  Refinery  
  92  7:02  Marauder  
  92  7:07  Liberator  
  94  7:11  Terran Infantry Armor Level 1  
  94  7:13  Marine x2, SCV x2, Marauder  
  100  7:16  Liberator  
  100  7:25  SCV x2  
  105  7:32  Marine x2  
  110  7:37  Supply Depot, SCV  
  110  7:38  Supply Depot  
  110  7:43  SCV  
  112  7:46  Barracks Tech Lab  
  112  7:47  Barracks Reactor  
  112  7:49  SCV  
  111  7:52  Marine x2, Marauder x2  
  111  7:56  Liberator  
  111  7:58  Widow Mine x2  
  117  8:03  Supply Depot x2  
  119  8:06  Marauder  
  119  8:08  Supply Depot  
  121  8:15  Marine, Marauder x2  
  121  8:19  Liberator, Missile Turret  
  129  8:25  Marine  
  129  8:26  Marine  
  131  8:31  SCV x2  
  128  8:34  Supply Depot  
  128  8:39  Liberator  
  129  8:42  Marine, Marauder x2  
  129  8:45  Marine, Marauder  
  132  8:56  Widow Mine x2  
  132  9:00  Command Center  
  132  9:02  SCV x2  
  141  9:18  Marine  
  141  9:19  Marauder  
  147  9:25  Widow Mine x2  
  147  9:28  Marine x2, Marauder x2  
  139  9:39  Marine  
  139  9:41  Marauder  
Tags
 
Add a new tag
Caveats
  • Supply blocks, unpowered buildings, or Contaminate may cause inaccurate times.
  • Supply counts are checked every 10 seconds.